Match 45705417
Unlisted

Match 45705417
End
Selects Australian Defense Battlegroup
Selects Australian Light Infantry Section
Australian Light Infantry Section
Construct Section Command Post
ML 3-inch Mortar Team
Infantry Section
Construct Platoon Command Post
Unlock M3 Stuart Light Tanks
Selects 2-pounder Anti-tank Gun Team
M3 Stuart Light Tank
Light Vehicle Training
Grenade Package
M3 Stuart Light Tank
M3 Stuart Light Tank
Selects CMP 15cwt Supply Run
Selects Reinforced Resource Caches
Construct Company Command Post
Unlock M3 Grant Medium Tanks
Selects Vehicle Over Repair
M3 Grant Medium Tank
Vickers Machine Gun Team
Australian Light Infantry Section
Tr1kster
清里せんめ[Monster™]
gman5555555555
JVM
BROKEN
Dementus
CC
DNS IP from your ISP
0
0

Comments sign in to comment!

No comments posted yet!